 Dungeon Crawl Stone Soup version 0.25.0-15-gac7dcb8 (webtiles) character file.

Game seed: 8936324610880608887

12402 Balder the Cleaver (level 12, -1/81 HPs)
             Began as a Halfling Berserker on June 30, 2020.
             Was a High Priest of Trog.
             Killed by divine providence
             ... invoked by an orc priest
              (16 damage)
             ... on level 11 of the Dungeon.
             The game lasted 01:00:56 (14603 turns).

Balder the Cleaver (Halfling Berserker)            Turns: 14603, Time: 01:00:57

Health: -1/81      AC: 26    Str: 20    XL:     12   Next: 19%
Magic:  12/12      EV: 10    Int:  8    God:    Trog [*****.]
Gold:   495        SH:  0    Dex: 26    Spells: 11/11 levels left

rFire    . . .     SeeInvis .   a - +3 broad axe of Vaoz {vorpal, rC+ MR+ Int+3 Stlth+}
rCold    + . .     Gourm    .   (shield currently unavailable)
rNeg     . . .     Faith    +   h - +2 crystal plate armour of Least Resistance {MR+ Dex+3}
rPois    .         Spirit   .   T - +0 helmet
rElec    .         Reflect  .   x - +1 cloak
rCorr    .         Harm     .   B - +0 pair of gloves
MR       ++...                  (no boots)
Stlth    ..........             g - amulet of faith
HPRegen  0.23/turn              s - +6 ring of dexterity (curse)
MPRegen  0.13/turn              (no ring)

@: no status effects
A: small, mutation resistance 1, wild magic 1, no potion heal 1
a: Berserk, Trog's Hand, Brothers in Arms, Renounce Religion


You were on level 11 of the Dungeon.
You worshipped Trog.
Trog was extremely pleased with you.
You were hungry.

You visited 1 branch of the dungeon, and saw 11 of its levels.

You collected 495 gold pieces.

Inventory:

Hand Weapons
 a - the +3 broad axe of Vaoz (weapon) {vorpal, rC+ MR+ Int+3 Stlth+}
   (Trog gifted it to you on level 10 of the Dungeon)

   It inflicts extra damage upon your enemies.
   It affects your intelligence (+3).
   It protects you from cold.
   It affects your resistance to hostile enchantments.
   It makes you more stealthy.
 b - the +9 hunting sling "Dirph" {freeze, rElec MR+ Int+3}
   (You found it on level 9 of the Dungeon)

   It causes projectiles fired from it to freeze those they strike, causing
   extra injury to most foes and up to half again as much damage against
   particularly susceptible opponents.
   They can also slow down cold-blooded creatures.
   It affects your intelligence (+3).
   It insulates you from electricity.
   It affects your resistance to hostile enchantments.
 A - the +1 long sword "Leviticus" {freeze, rElec}
   (You found it on level 7 of the Dungeon)

   It has been specially enchanted to freeze those struck by it, causing extra
   injury to most foes and up to half again as much damage against particularly
   susceptible opponents.
   It can also slow down cold-blooded creatures.
   It insulates you from electricity.
 P - a +2 hunting sling of flaming
 Q - a +2 vorpal war axe
Missiles
 j - 93 sling bullets
 l - 27 poisoned darts
 p - 8 datura-tipped darts
 v - 4 silver boomerangs
 E - 12 boomerangs (quivered)
Armour
 h - the +2 crystal plate armour of Least Resistance (worn) {MR+ Dex+3}
   (You acquired it on level 8 of the Dungeon)

   It affects your dexterity (+3).
   It affects your resistance to hostile enchantments.
 x - a +1 cloak (worn)
 B - a +0 pair of gloves (worn)
 M - a +0 buckler
 T - a +0 helmet (worn)
Jewellery
 d - an uncursed ring of resist corrosion
 g - an amulet of faith (around neck)
 s - a cursed +6 ring of dexterity (left hand)
 F - an uncursed ring of ice
 J - an uncursed ring of flight
 N - the ring "Xadug" {Wiz rF- Str+2 Stlth+}
   (You found it on level 8 of the Dungeon)

   [ring of wizardry]

   It improves your spell success rate.
   It affects your strength (+2).
   It makes you vulnerable to fire.
   It makes you more stealthy.
 O - an uncursed amulet of the acrobat
Wands
 t - a wand of random effects (30)
 D - a wand of acid (3)
 H - a wand of enslavement (11)
Scrolls
 e - a scroll of enchant weapon
 f - 2 scrolls of magic mapping
 m - 6 scrolls of remove curse
 r - 2 scrolls of blinking
 y - 7 scrolls of identify
 C - a scroll of enchant armour
 G - 3 scrolls of teleportation
Potions
 i - a potion of berserk rage
 k - a potion of brilliance {unknown}
 n - a potion of cancellation {unknown}
 q - a potion of magic
 u - 3 potions of flight {unknown}
 w - a potion of might {unknown}
 z - a potion of ambrosia
 I - a potion of degeneration {unknown}
 K - 6 potions of stabbing
 L - a potion of lignification {unknown}
Miscellaneous
 o - a box of beasts
Comestibles
 c - 15 rations
 S - a chunk of flesh


   Skills:
 * Level 7.3 Fighting
 + Level 1.9 Long Blades
 * Level 11.2 Axes
 * Level 8.1(8.3) Slings
 - Level 1.7(4.0) Throwing
 * Level 8.6 Armour
 * Level 7.1 Dodging
 * Level 7.0 Stealth
 * Level 2.1 Shields
 + Level 0.2 Evocations


You had 11 spell levels left.
You didn't know any spells.
Your spell library contained the following spells:

 Spells                   Type           Power        Failure   Level  Hunger
 Animate Skeleton         Necr           N/A          100%        1    ##.....
 Foxfire                  Conj/Fire      #...         100%        1    ##.....
 Magic Dart               Conj           #...         100%        1    ##.....
 Pain                     Necr           #...         100%        1    ##.....
 Blink                    Tloc           N/A          100%        2    ###....
 Call Imp                 Summ           #.......     100%        2    ###....
 Slow                     Hex            #.......     100%        2    ###....
 Confusing Touch          Hex            #.......     100%        3    ####...
 Conjure Flame            Conj/Fire      #.......     100%        3    ####...
 Gell's Gravitas          Tloc           #.........   100%        3    ####...
 Inner Flame              Hex/Fire       #.......     100%        3    ####...
 Mephitic Cloud           Conj/Pois/Air  #.......     100%        3    ####...
 Vampiric Draining        Necr           #.........   100%        3    ####...
 Animate Dead             Necr           N/A          100%        4    #####..
 Petrify                  Tmut/Erth      #.......     100%        4    #####..
 Sticky Flame             Conj/Fire      #.......     100%        4    #####..
 Agony                    Necr           #.......     100%        5    ######.
 Fireball                 Conj/Fire      #.........   100%        5    ######.
 Metabolic Englaciation   Hex/Ice        #.........   100%        5    ######.
 Yara's Violent Unravell  Hex/Tmut       #.........   100%        5    ######.


Dungeon Overview and Level Annotations

Branches:
Dungeon (11/15)            Temple (0/1) D:5
   Lair: D:8-11         Orc: D:9-12

Altars:
Ashenzari
Elyvilon
Gozag
Kikubaaqudgha
Okawaru
Trog
Uskayaw
Vehumet
Xom
Zin

Shops:
D:4 %

Annotations:
D:6 3 runed translucent doors, SpecialK6886's ghost, novice BaFi


Innate Abilities, Weirdness & Mutations

You are small and have problems with some larger weapons.
You are somewhat resistant to further mutation.
Your spells are a little harder to cast, but a little more powerful.
Potions are less effective at restoring your health.


Message History

The bullfrog is moderately wounded.
You closely miss something. The bullfrog hits you.
Something hits you but does no damage.
Deactivating autopickup; reactivate with Ctrl-A.
Unknown command.
You slash the bullfrog!
You kill the bullfrog!
Trog accepts your kill.
You hit something but do no damage. You hit something.
You hit the yak but do no damage. Something hits you but does no damage.
The yak gores you but does no damage.
Unknown command.
You hit something. You hit the yak.
You hear something invoke the aid of Beogh against you.
Beogh smites you!
* * * LOW HITPOINT WARNING * * *
The yak gores you but does no damage.
You hear something invoke the aid of Beogh against you.
Beogh smites you!
You die...

########### #[........#
#.........#
##############.........#
....†........'.........#
##############......<..#
#..<......+ #.........#
#..@......# ####÷######
#{Y##### ##oo...#
##......# ..P.P..


P..PPP. P.....P .P.PP.. You could see a yak and 2 orcs.

Vanquished Creatures
  Fannar (D:10)
  A queen ant (D:8)
  Pikel (D:9)
  An ugly thing (D:11)
  Joseph (D:9)
  A troll (D:10)
  Prince Ribbit (D:9)
  Grinder (D:3)
  3 hippogriffs
  A spriggan (D:7)
  14 yaks
  2 wyverns
  Sigmund (D:3)
  5 soldier ants (D:8)
  2 porcupines (D:11)
  4 orc warriors
  2 phantoms
  An ice beast (D:9)
  5 black bears
  An eye of draining (D:9)
  5 sky beasts
  3 slaves (D:9)
  A necrophage (D:11)
  7 ogres
  2 centaurs
  A crocodile (D:8)
  A big kobold (D:10)
  6 bullfrogs
  A wyvern skeleton (D:3)
  A water moccasin skeleton (D:4)
  2 scorpions (D:9)
  11 killer bees (D:10)
  4 wights (D:9)
  3 crimson imps
  A bullfrog zombie (D:9)
  4 orc priests
  A jelly (D:7)
  A centaur skeleton (D:8)
  8 hounds
  10 orc wizards
  4 iguanas
  Ijyb (D:3)
  14 worker ants
  A hound zombie (D:8)
  3 hound skeletons
  4 worker ant zombies
  6 gnolls
  A howler monkey skeleton (D:4)
  9 adders
  2 shadow imps
  An ooze (D:1)
  An adder zombie (D:6)
  2 adder skeletons
  3 worms
  3 dart slugs
  7 leopard geckos
  44 orcs
  A ball python (D:1)
  8 giant cockroaches
  7 goblins
  12 hobgoblins
  6 jackals
  9 kobolds
  4 quokkas
  6 bats
  8 frilled lizards
  A leopard gecko zombie (D:5)
  8 rats
  A fungus (D:11)
299 creatures vanquished.

Vanquished Creatures (others)
  A slave (D:9)
  2 fungi
  4 plants
7 creatures vanquished.

Grand Total: 306 creatures vanquished

Notes
Turn   | Place    | Note
-------+----------+-------------------------------------------
     0 | D:1      | Balder the Halfling Berserker began the quest for the Orb.
     0 | D:1      | Reached XP level 1. HP: 15/15 MP: 1/1
    88 | D:1      | Reached XP level 2. HP: 12/20 MP: 2/2
   757 | D:1      | Reached XP level 3. HP: 24/26 MP: 3/3
   932 | D:1      | Reached ** piety under Trog
  1538 | D:2      | Reached XP level 4. HP: 26/31 MP: 4/4
  1977 | D:2      | Reached skill level 1 in Stealth
  2485 | D:2      | Reached XP level 5. HP: 16/36 MP: 5/5
  2653 | D:2      | Found a glowing silver altar of Zin.
  3101 | D:2      | Reached skill level 4 in Axes
  3433 | D:3      | Noticed Ijyb
  3437 | D:3      | Noticed Sigmund
  3444 | D:3      | Killed Ijyb
  3447 | D:3      | Killed Sigmund
  3447 | D:3      | Reached skill level 1 in Throwing
  3447 | D:3      | Reached XP level 6. HP: 42/42 MP: 6/6
  3531 | D:3      | Noticed Grinder
  3570 | D:3      | Killed Grinder
  3570 | D:3      | Reached skill level 5 in Axes
  3570 | D:3      | Reached XP level 7. HP: 22/47 MP: 7/7
  4743 | D:3      | Found an opulent altar of Gozag.
  5175 | D:4      | Found Odalan's Food Shoppe.
  5196 | D:4      | Reached skill level 1 in Slings
  5198 | D:4      | Reached *** piety under Trog
  5247 | D:4      | Found a white marble altar of Elyvilon.
  5846 | D:5      | Entered Level 5 of the Dungeon
  5911 | D:5      | Reached XP level 8. HP: 54/54 MP: 8/8
  6131 | D:5      | Found a staircase to the Ecumenical Temple.
  6381 | D:5      | Found a shattered altar of Ashenzari.
  6402 | D:5      | Reached skill level 6 in Axes
  7023 | D:6      | Reached **** piety under Trog
  7230 | D:6      | Reached XP level 9. HP: 59/59 MP: 9/9
  7409 | D:6      | Found a shimmering altar of Xom.
  7427 | D:6      | Found a shimmering altar of Xom.
  7428 | D:6      | Found a shimmering altar of Xom.
  7429 | D:6      | Found a shimmering altar of Xom.
  7432 | D:6      | Found a shimmering altar of Xom.
  7447 | D:6      | Reached skill level 7 in Axes
  7554 | D:6      | Found a radiant altar of Vehumet.
  7572 | D:6      | Reached skill level 5 in Fighting
  7651 | D:6      | Reached skill level 5 in Dodging
  7655 | D:6      | Reached skill level 5 in Armour
  7881 | D:6      | Found a runed translucent gate.
  7881 | D:6      | Found a runed translucent gate.
  7881 | D:6      | Found a runed translucent gate.
  7882 | D:6      | Noticed SpecialK6886's ghost (novice BaFi)
  8699 | D:7      | Found a hide-covered altar of Uskayaw.
  8794 | D:7      | Reached skill level 8 in Axes
  9279 | D:7      | Reached skill level 5 in Stealth
  9288 | D:7      | Reached XP level 10. HP: 59/67 MP: 10/10
  9355 | D:7      | Got an iridescent long sword
  9356 | D:7      | Identified the cursed +1 long sword "Leviticus" {freeze,
                  | rElec} (You found it on level 7 of the Dungeon)
  9682 | D:8      | Noticed a queen ant
  9712 | D:8      | Reached skill level 1 in Long Blades
  9712 | D:8      | Reached skill level 5 in Slings
 10072 | D:8      | Gained mutation: Potions are less effective at restoring
                  | your health. [potion of mutation]
 10072 | D:8      | Gained mutation: Your spells are a little harder to cast,
                  | but a little more powerful. [potion of mutation]
 10077 | D:8      | Killed a queen ant
 10077 | D:8      | Reached skill level 9 in Axes
 10370 | D:8      | Found an iron altar of Okawaru.
 10432 | D:8      | Got a sparkling pewter ring
 10700 | D:8      | Identified the ring "Xadug" {Wiz rF- Str+2 Stlth+} (You
                  | found it on level 8 of the Dungeon)
 10953 | D:8      | Identified a scroll of acquirement
 10956 | D:8      | Got the +2 crystal plate armour of Least Resistance {MR+
                  | Dex+3}
 11161 | D:8      | Found an ancient bone altar of Kikubaaqudgha.
 11198 | D:9      | Found a bloodstained altar of Trog.
 11501 | D:9      | Reached XP level 11. HP: 66/72 MP: 11/11
 11617 | D:9      | Reached ***** piety under Trog
 11663 | D:9      | Noticed Pikel
 11665 | D:9      | Noticed Prince Ribbit
 11684 | D:9      | Killed Pikel
 11684 | D:9      | Reached skill level 10 in Axes
 11695 | D:9      | Killed Prince Ribbit
 12033 | D:9      | Noticed Joseph
 12048 | D:9      | Killed Joseph
 12437 | D:9      | Got a brightly glowing hunting sling
 12438 | D:9      | Identified the +9 hunting sling "Dirph" {freeze, rElec MR+
                  | Int+3} (You found it on level 9 of the Dungeon)
 12555 | D:10     | Entered Level 10 of the Dungeon
 13248 | D:10     | Noticed Fannar
 13273 | D:10     | Killed Fannar
 13273 | D:10     | Reached skill level 1 in Shields
 13650 | D:10     | Received a gift from Trog
 13653 | D:10     | Got a polished broad axe {god gift}
 13659 | D:10     | Identified the +3 broad axe of Vaoz {vorpal, rC+ MR+ Int+3
                  | Stlth+} (Trog gifted it to you on level 10 of the Dungeon)
 14389 | D:11     | Noticed a purple ugly thing
 14399 | D:11     | Killed a purple ugly thing
 14399 | D:11     | Reached skill level 11 in Axes
 14399 | D:11     | Reached XP level 12. HP: 78/81 MP: 12/12
 14603 | D:11     | Killed from afar by an orc priest

Illustrated notes

Levels and vault maps discovered:
D:1:      dpeg_arrival_three_same_balls, layout_basic, minivault_24, nrook_uturn
D:2:      layout_basic, zin_scriptorium
D:3:      layout_basic, lemuel_doored_altar, first_ration,
          wander_ebering_terrifying_dragon_lair, uniq_sigmund, uniq_ijyb,
          uniq_grinder
D:4:      minmay_door_path, layout_loops_ring, elyvilon_altar_3, serial_shops,
          shop
D:5:      layout_loops_corners, cheibrodos_ashenzari_chains,
          minmay_temple_entry_offerings, st_stairs_8, eino_tiny_chamber
D:6:      layout_cave_pools, vehumet_crystals, xom_redecorated,
          gammafunk_ghost_nasty_kobolds
D:7:      layout_basic, lemuel_round_altar, the_bakery
D:8:      layout_rooms, okawaru_altar_gauntlet_db,
          nicolae_overflow_hidden_temple, minmay_another_anthill
D:9:      layout_basic, trog_ov_bears_minmay, uniq_pikel, uniq_prince_ribbit1,
          uniq_joseph
D:10:     layout_stronghold, uniq_fannar
D:11:     layout_roguey, grunt_lair_entry_orc_guard_hut, orc_0_dummy,
          serial_park_tiny_1

Skill      XL: |  1  2  3  4  5  6  7  8  9 10 11 12 |
---------------+-------------------------------------+-----
Fighting       | 3 4 5 6 7 |  7.3
Stealth        | 1 2 3 5 6 7 |  7.0
Dodging        | 3 4 5 6 7 |  7.1
Axes           | 4 5 6 8 9 11 | 11.2
Throwing       | 1 |  1.7
Armour         | 3 4 5 7 8 |  8.6
Slings         | 1 3 4 5 7 8 |  8.1
Long Blades    | 1 |  1.9
Shields        | 1 2 |  2.1
Evocations     | |  0.2

Action                   |  1- 3 |  4- 6 |  7- 9 | 10-12 || total
-------------------------+-------+-------+-------+-------++-------
Melee: Hand axe          |   127 |   123 |   574 |   321 ||  1145
       Hunting sling     |       |       |     6 |       ||     6
       Long sword        |       |       |       |    57 ||    57
       War axe           |       |       |       |   215 ||   215
       Broad axe         |       |       |       |    96 ||    96
 Fire: Hunting sling     |       |       |    26 |    52 ||    78
Throw: Dart              |     7 |    10 |     5 |       ||    22
       Boomerang         |       |       |     6 |    10 ||    16
Invok: Trog's Hand       |       |     2 |     5 |     8 ||    15
       Berserk           |       |     2 |     4 |     6 ||    12
       Brothers in Arms  |       |       |       |     2 ||     2
Evoke: Wand              |       |       |     7 |     4 ||    11
  Use: Scroll            |       |     4 |     3 |    17 ||    24
       Potion            |       |       |       |    10 ||    10
  Eat: Chunk             |     2 |     4 |    19 |    10 ||    35
       Ration            |       |     1 |     2 |     5 ||     8
Armor: Animal skin       |    22 |    10 |       |       ||    32
       Plate armour      |       |    15 |   319 |   158 ||   492
       Scale mail        |       |     2 |       |       ||     2
       Crystal plate arm |       |       |       |   314 ||   314
Dodge: Dodged            |    99 |    85 |   281 |   331 ||   796
Block: Buckler           |       |       |       |     5 ||     5
       Rpst.: Long sword |       |       |       |     8 ||     8
